[Event "*** Titled Tuesday Blitz"]
[Site "Chess.com"]
[Date "2020.05.05"]
[Round "9"]
[White "Konovalova_Vera"]
[Black "Safar_From_Afar"]
[Result "1/2-1/2"]
[WhiteElo "2109"]
[BlackElo "2269"]
[TimeControl "180+1"]
[EndTime "11:46:49 PDT"]
[Termination "Game drawn by agreement"]

1. d4 Nf6 2. Bg5 g6 3. Bxf6 exf6 4. Nf3 Bg7 5. e3 O-O 6. Nbd2 d5 7. Bd3 f5 8. O-O b6 9. c4 dxc4 10. Nxc4 Bb7 11.
Rc1 Nd7 12. Qc2 Re8 13. Ncd2 c5 14. dxc5 Nxc5 15. Bb5 Re7 16. Rfd1 a6 17. Nb3 Qb8 18.
Nxc5 bxc5 19. Be2 Rc7 20. Nd2 Bd5 21. b3 Qb7 22. Bf3 Bxf3 23. Nxf3 Rac8 24. Qc4 Qb5 25. Qd5 c4 26. bxc4 Qxd5 27. Rxd5 Rxc4 28. Rxc4 Rxc4 29. g3 Ra4 30. Rd8+ Bf8 31. Ne5 Kg7 32. Rd7 Rxa2 33. Rxf7+ Kg8 34. Ra7 a5 35. Nd7 Bg7 36.
Nc5 Rc2 37. Ne6 Bc3 1/2-1/2

[Event "*** Titled Tuesday Blitz"]
[Site "Chess.com"]
[Date "2020.05.05"]
[Round "9"]
[White "PawnEatingZombie"]
[Black "powermove"]
[Result "1-0"]
[WhiteElo "2149"]
[BlackElo "1678"]
[TimeControl "180+1"]
[EndTime "11:46:50 PDT"]
[Termination "PawnEatingZombie won by resignation"]

1. d4 Nf6 2. c4 c5 3. d5 b5 4.
cxb5 a6 5. e3 g6 6. Nc3 Bg7 7.
a4 O-O 8. Nf3 d6 9. Ra3 Bb7 10.
e4 Nbd7 11. h3 axb5 12. Bxb5 Qc7 13. Qe2 e6 14. dxe6 fxe6 15. O-O Nh5 16. Bc4 Rae8 17. Ng5 Rf6 18. g4 h6 19. Nxe6 Rfxe6 20. gxh5 Kh8 21.
Bxe6 Rxe6 22. Qg4 Re5 23. f4 Rxh5 24. Qxg6 Rxh3 25. Nb5 Qd8 26. Rxh3 1-0

[Event "*** Titled Tuesday Blitz"]
[Site "Chess.com"]
[Date "2020.05.05"]
[Round "9"]
[White "hongnhung1234"]
[Black "SlavenPastar"]
[Result "0-1"]
[WhiteElo "2220"]
[BlackElo "2362"]
[TimeControl "180+1"]
[EndTime "11:46:52 PDT"]
[Termination "SlavenPastar won by checkmate"]

1. e4 b6 2. d4 Bb7 3. Bd3 Nf6 4.
Qe2 e6 5. f4 d5 6. e5 Ne4 7.
Nf3 c5 8. c3 a5 9. O-O Be7 10.
Be3 Nc6 11. Nbd2 cxd4 12. cxd4 Nxd2 13. Bxd2 Nb4 14. Bb5+ Kf8 15. f5 exf5 16. a3 Nc6 17.
Bd3 Qd7 18. b4 h6 19. b5 Nd8 20. Ne1 g6 21. g4 Ne6 22. Nc2 f4 23. Bxf4 Kg7 24.
Be3 Rac8 25. Qf2 Bg5 26. Bxg5 hxg5 27. Qf6+ Kg8 28. Rad1 Nf4 29. Rf3 Qxg4+ 30. Rg3 Qxd1+ 31. Bf1 Qxc2 32. Rxg5 Qxh2# 0-1

[Event "*** Titled Tuesday Blitz"]
[Site "Chess.com"]
[Date "2020.05.05"]
[Round "9"]
[White "heartofatiger"]
[Black "putra48"]
[Result "1/2-1/2"]
[WhiteElo "2462"]
[BlackElo "2622"]
[TimeControl "180+1"]
[EndTime "11:46:53 PDT"]
[Termination "Game drawn by agreement"]

1. d4 d5 2. c4 e6 3. Nf3 Nf6 4. g3 Be7 5. Bg2 O-O 6. O-O dxc4 7. Qc2 a6 8. a4 Bd7 9. Qxc4 Bc6 10. Bg5 Bd5 11. Qc1 Nc6 12. Rd1 h6 13. Bxf6 Bxf6 14. e3 Na5 15. Nbd2 Rc8 16. b4 Nb3 17. Nxb3 Bxb3 18. Re1 a5 19. Qc3 Bd5 20. e4 axb4 21. Qxb4 Bc6 22. a5 Ra8 23. Rad1 Re8 24. h4 Qb8 25. d5 exd5 26. exd5 Rxe1+ 27. Nxe1 Bd7 28. d6 cxd6 29. Qxd6 Qxd6 30. Rxd6 Be6 31. Bxb7 Rxa5 32.
Kg2 g5 33. hxg5 hxg5 34. Be4 Re5 35. f3 Ra5 36. Rd2 Bc3 37. Re2 Ra1 38. Nc2 Rc1 39. Ne3 Kg7 40. f4 Kf6 41. Nd5+ Bxd5 42. Bxd5 gxf4 43. gxf4 1/2-1/2

[Event "*** Titled Tuesday Blitz"]
[Site "Chess.com"]
[Date "2020.05.05"]
[Round "9"]
[White "Mikhail_Golubev"]
[Black "Xeslu"]
[Result "1-0"]
[WhiteElo "2513"]
[BlackElo "2366"]
[TimeControl "180+1"]
[EndTime "11:46:54 PDT"]
[Termination "Mikhail_Golubev won by resignation"]

1. e4 e5 2. Nf3 Nc6 3. Nc3 Nf6 4. g3 d5 5. exd5 Nxd5 6. Bg2 Nxc3 7. bxc3 Be7 8. O-O O-O 9. Re1 Bg4 10. h3 Bxf3 11.
Bxf3 Bd6 12. Rb1 Rb8 13. d4 exd4 14. cxd4 h6 15. c3 Qf6 16. Bg2 Na5 17. Qd3 c6 18. c4 Rbd8 19. Bb2 Rfe8 20. Bc3 Rxe1+ 21. Rxe1 Bc7 22.
d5 Qd6 23. Qd4 f6 24. c5 Qf8 25. d6 b6 26. Bxa5 bxa5 27. Qc4+ 1-0

[Event "*** Titled Tuesday Blitz"]
[Site "Chess.com"]
[Date "2020.05.05"]
[Round "9"]
[White "ZarinaShafigullina"]
[Black "Nara_Kh"]
[Result "0-1"]
[WhiteElo "2242"]
[BlackElo "2408"]
[TimeControl "180+1"]
[EndTime "11:46:54 PDT"]
[Termination "Nara_Kh won by checkmate"]

1. d4 d5 2. Nf3 Nf6 3. g3 g6 4. Bg2 Bg7 5. O-O O-O 6. c4 c6 7.
Qb3 a6 8. Nc3 b5 9. c5 Nbd7 10.
a4 Rb8 11. axb5 axb5 12. Ra7 Nh5 13. Bd2 e5 14. e3 e4 15. Ne1 Kh8 16. Nc2 f5 17.
Nb4 Bb7 18. Rfa1 Ndf6 19. Na6 Bxa6 20. R1xa6 Rc8 21. Na2 g5 22. Nb4 Qe8 23. h3 f4 24.
g4 f3 25. Bf1 Nxg4 26. hxg4 Nf6 27. Bh3 h5 28. Rb7 hxg4 29. Bf1 Qh5 30. Raa7 g3 31. fxg3 Ng4 32. Bg2 Qh2+ 33. Kf1 fxg2+ 34. Ke2 g1=Q# 0-1

[Event "*** Titled Tuesday Blitz"]
[Site "Chess.com"]
[Date "2020.05.05"]
[Round "9"]
[White "mirciulica14"]
[Black "Aureliano-Buendia"]
[Result "0-1"]
[WhiteElo "2590"]
[BlackElo "2418"]
[TimeControl "180+1"]
[EndTime "11:46:55 PDT"]
[Termination "Aureliano-Buendia won by resignation"]

1. d4 d5 2. c4 c6 3. Nf3 Nf6 4. Nc3 dxc4 5. a4 e6 6. e3 c5 7. Bxc4 Nc6 8. d5 exd5 9. Nxd5 Be7 10. O-O O-O 11. Nxe7+ Qxe7 12. h3 Be6 13. Qe2 Ne4 14.
Bb5 Nb4 15. Nd2 Nd6 16. b3 Rfd8 17. Bd3 Nxd3 18. Qxd3 Nc4 19. Qxc4 Bxc4 20. Nxc4 Rd3 21. Rb1 b6 22. f3 Rad8 23. e4 Qe6 24. Bg5 f6 25. Bf4 R8d7 26. Rfc1 a6 27. Kh2 h6 28.
Bg3 b5 29. axb5 axb5 30. Na5 Qb6 31. b4 cxb4 32. Nb3 Rc3 33. Rd1 Rxd1 34. Rxd1 Rxb3 35.
Rd6 Qxd6 36. Bxd6 Rb1 37. Kg3 b3 38. h4 Ra1 39. Ba3 Rxa3 40. h5 0-1

[Event "*** Titled Tuesday Blitz"]
[Site "Chess.com"]
[Date "2020.05.05"]
[Round "9"]
[White "SGchess01"]
[Black "Nikolaj_6"]
[Result "1-0"]
[WhiteElo "2811"]
[BlackElo "2636"]
[TimeControl "180+1"]
[EndTime "11:46:57 PDT"]
[Termination "SGchess01 won by resignation"]

1. e4 c5 2. Nf3 d6 3. d4 cxd4 4. Nxd4 Nf6 5. Nc3 a6 6. Be2 e5 7.
Nf3 Qc7 8. Bg5 Nbd7 9. a4 Be7 10. O-O O-O 11. Nd2 h6 12. Bh4 g5 13. Bg3 Nc5 14. Re1 Be6 15. a5 Rac8 16. f3 Rfd8 17. Bf1 b5 18. Nb3 Nxb3 19. cxb3 b4 20. Nd5 Bxd5 21.
exd5 Qc5+ 22. Bf2 Qxd5 23. Qxd5 Nxd5 24. Bxa6 Ra8 25. Bb7 Nf4 26. Bxa8 Rxa8 27. Red1 Ra6 28. Bb6 f5 29. g3 Ne6 30. Rac1 Kf7 31. Rc8 Nd4 32. Bxd4 exd4 33. Rxd4 Rxa5 34. Rxb4 Rd5 35. Rc2 Rd3 36. Kg2 d5 37. Rb7 d4 38. Re2 Re3 39.
Rxe3 dxe3 40. Kf1 f4 41. Ke2 Ke6 42. b4 Bf6 43. b3 h5 44. b5 h4 45. gxf4 gxf4 46.
Rh7 Bd4 47. b6 1-0

[Event "*** Titled Tuesday Blitz"]
[Site "Chess.com"]
[Date "2020.05.05"]
[Round "9"]
[White "kuba2006"]
[Black "LivajaM"]
[Result "0-1"]
[WhiteElo "2416"]
[BlackElo "2290"]
[TimeControl "180+1"]
[EndTime "11:46:57 PDT"]
[Termination "LivajaM won on time"]

1. e4 c5 2. Nf3 Nc6 3. d4 cxd4 4. Nxd4 Qc7 5. Nc3 e6 6. Be3 a6 7.
f3 Nf6 8. Qd2 Be7 9. O-O-O b5 10.
Kb1 Bb7 11. g4 d6 12. h4 Nd7 13. g5 Nde5 14. f4 Nc4 15. Bxc4 bxc4 16. f5 Nxd4 17. Bxd4 e5 18. Be3 Rc8 19. f6 gxf6 20. gxf6 Bxf6 21.
Rdf1 Be7 22. Qf2 Bf8 23. Bg5 Qd7 24. Rh2 h6 25. Bf6 Rg8 26. Rg2 Rxg2 27. Qxg2 Qe6 28. Qg8 Kd7 29. Qh7 Be7 30. Bxe7 Kxe7 31. Qg7 Qg6 32.
Qxg6 fxg6 33. Rg1 Rg8 34. Kc1 g5 35. hxg5 hxg5 36. Kd2 g4 37. Ke3 Kf6 38. Ne2 Kg5 39. Ng3 Rh8 40. Nf5 Rh3+ 41. Ng3 Kh4 42. Kf2 Rh2+ 43.
Rg2 Rxg2+ 44. Kxg2 Kg5 45. Kf2 Kf4 46. Nf5 Bxe4 47. Nxd6 g3+ 48. Kg1 Bd5 0-1

[Event "*** Titled Tuesday Blitz"]
[Site "Chess.com"]
[Date "2020.05.05"]
[Round "9"]
[White "praveenb2002"]
[Black "PSvidler"]
[Result "0-1"]
[WhiteElo "2731"]
[BlackElo "3020"]
[TimeControl "180+1"]
[EndTime "11:46:58 PDT"]
[Termination "PSvidler won by resignation"]

1. d4 d6 2. c4 e5 3. Nc3 exd4 4.
Qxd4 Nc6 5. Qd2 Be6 6. b3 a5 7. Bb2 Nf6 8. Rd1 a4 9. g3 axb3 10. axb3 Na5 11. Qc2 c6 12. Bg2 Qb6 13. Ra1 Rd8 14.
Nf3 Qxb3 15. Qxb3 Nxb3 16. Ra7 Nc5 17. Nd2 Be7 18. O-O O-O 19. Rfa1 d5 20. cxd5 Nxd5 21. Nxd5 Bxd5 22. Nf3 Rfe8 23. Ba3 Bf8 24. e3 Nb3 25. Rd1 Ra8 26. Rxa8 Rxa8 27. Bxf8 Kxf8 28. Ne5 Be6 29.
f4 f6 30. Nd3 Ke7 31. e4 Bc4 32. Nb2 Bb5 33. Bf3 Ra2 34. Nd3 Nd2 35. Be2 Bxd3 36. Bxd3 Nf3+ 37. Kf1 Nxh2+ 38. Kg1 Nf3+ 39. Kf1 Rd2 40.
Rxd2 Nxd2+ 41. Ke2 Nb3 42. Ke3 h6 43. Bc4 Nc5 44.
Kd4 Ne6+ 45. Ke3 Kd6 46. Bb3 b5 47. Kd3 Nc5+ 0-1

[Event "*** Titled Tuesday Blitz"]
[Site "Chess.com"]
[Date "2020.05.05"]
[Round "9"]
[White "Ladislav1969"]
[Black "tteshan"]
[Result "1-0"]
[WhiteElo "2354"]
[BlackElo "2210"]
[TimeControl "180+1"]
[EndTime "11:46:59 PDT"]
[Termination "Ladislav1969 won by checkmate"]

1. e4 e6 2. d4 d5 3. e5 c5 4.
c3 Qb6 5. Nf3 Bd7 6. a3 Bb5 7.
c4 Bxc4 8. Bxc4 dxc4 9. d5 exd5 10. Qxd5 Ne7 11. Qxc4 Nbc6 12. Nc3 Nd4 13. Nxd4 cxd4 14.
Nb5 Nc6 15. O-O a6 16. Nd6+ Bxd6 17. exd6 O-O 18. b4 Rac8 19. Qd5 Rfd8 20. Bf4 Rd7 21. Rfe1 Rcd8 22. Re4 g6 23. Rae1 a5 24. Bh6 Ne7 25. Rxe7 Rxe7 26. dxe7 Re8 27. Qe5 Qc6 28. Qg7# 1-0

[Event "*** Titled Tuesday Blitz"]
[Site "Chess.com"]
[Date "2020.05.05"]
[Round "9"]
[White "ChelsieMonica"]
[Black "Sanyura"]
[Result "0-1"]
[WhiteElo "2353"]
[BlackElo "2491"]
[TimeControl "180+1"]
[EndTime "11:47:00 PDT"]
[Termination "Sanyura won by resignation"]

1. c4 e5 2. Nc3 Nf6 3. Nf3 Nc6 4. e3 d5 5. cxd5 Nxd5 6. Bc4 Nxc3 7. bxc3 Bd6 8. e4 O-O 9. h3 Kh8 10. O-O f5 11. d4 exd4 12. cxd4 fxe4 13. Ng5 Nxd4 14. Kh1 Qf6 15. Qh5 Bf5 16. Nf7+ Rxf7 17. Bxf7 Rf8 18. Be3 Nc2 19. Rac1 Nxe3 20. fxe3 Qxf7 21.
Qxf7 Rxf7 22. g4 Be6 23. Rxf7 Bxf7 24. Rb1 Bd5 25. Rf1 Kg8 26. a3 b5 27. Rf5 Bc4 28. Kg2 a5 29. Rf2 Bxa3 30. Rd2 Bd3 31. Rf2 b4 32. Rf5 b3 33. Rxa5 b2 34. Ra8+ Kf7 35.
Rxa3 b1=Q 0-1

[Event "*** Titled Tuesday Blitz"]
[Site "Chess.com"]
[Date "2020.05.05"]
[Round "9"]
[White "Vesper2018"]
[Black "emperor87"]
[Result "1-0"]
[WhiteElo "2206"]
[BlackElo "2567"]
[TimeControl "180+1"]
[EndTime "11:47:02 PDT"]
[Termination "Vesper2018 won by resignation"]

1. e4 c5 2. Nf3 e6 3. Nc3 b6 4.
d4 cxd4 5. Nxd4 a6 6. a4 Bb7 7. Bd3 d6 8. O-O Nd7 9. f4 Ngf6 10. Qe2 Qc7 11. Kh1 h5 12. Bd2 h4 13.
Rae1 h3 14. g4 e5 15. Nf5 exf4 16. Bxf4 Ne5 17. g5 Nfd7 18. Ne3 g6 19. Ned5 Qd8 20. Bxe5 dxe5 21. Qf3 Rh7 22. Bc4 Rc8 23. Qe2 Qxg5 24. Rg1 Qh5 25. Rg3 Qxe2 26. Bxe2 Bc5 27. Bg4 Bd4 28.
Bxd7+ Kxd7 29. Nf6+ Ke6 30. Nxh7 f6 31. Rxg6 Kf7 32.
Rxf6+ Kg7 33. Re6 Bc6 34. Ng5 Rf8 35. Rxc6 1-0

[Event "*** Titled Tuesday Blitz"]
[Site "Chess.com"]
[Date "2020.05.05"]
[Round "9"]
[White "Lunow"]
[Black "Gerasimenyuk_Miha"]
[Result "1-0"]
[WhiteElo "2220"]
[BlackElo "2336"]
[TimeControl "180+1"]
[EndTime "11:47:03 PDT"]
[Termination "Lunow won by resignation"]

1. c4 e5 2. g3 Nc6 3. Bg2 Bc5 4. Nc3 a6 5. e3 d6 6. Nge2 Ba7 7. d4 Nge7 8. O-O h5 9. h3 h4 10. g4 f5 11. g5 f4 12. d5 f3 13. Bxf3 Bxh3 14.
dxc6 Nxc6 15. e4 Qd7 16. Be3 O-O 17. Nc1 Nd4 18. Bxd4 Bxd4 19. Nd3 Rxf3 20. Qxf3 Rf8 21. Qh5 Bxf1 22. Rxf1 Qh3 23. g6 Qg3+ 24. Kh1 Qh3+ 25. Kg1 Rf3 26. Qh7+ Kf8 27. Qh8+ Ke7 28. Nd5+ Kd7 29.
Qxg7+ Kd8 30. Qe7+ 1-0

[Event "*** Titled Tuesday Blitz"]
[Site "Chess.com"]
[Date "2020.05.05"]
[Round "9"]
[White "reniite"]
[Black "Kensei26"]
[Result "0-1"]
[WhiteElo "1946"]
[BlackElo "2148"]
[TimeControl "180+1"]
[EndTime "11:47:04 PDT"]
[Termination "Kensei26 won by resignation"]

1. e4 d6 2. d4 Nf6 3. Nc3 g6 4. Bf4 Bg7 5. Qd2 O-O 6. Bh6 c6 7. h4 b5 8. Bd3 e5 9. dxe5 dxe5 10. Nf3 Qe7 11. O-O-O Bg4 12. h5 Bxh5 13. Bxg7 Kxg7 14. Ng5 Bxd1 15. Nxh7 Rh8 16. Qh6+ Kg8 17. Nxf6+ Qxf6 18. Qxh8+ Qxh8 19. Rxh8+ Kxh8 20. Nxd1 Nd7 21. Ne3 Nc5 22.
Ng4 Re8 23. Kd2 Kg7 24. f3 f6 25. Be2 Rd8+ 26. Ke3 Ne6 27. g3 Nd4 28. Bd3 Ne6 29.
a3 Nc5 30. Be2 Na4 31. b3 Nc3 32. Bd3 a5 33. Nf2 a4 34. bxa4 bxa4 35. Bc4 Nb1 36. Nd3 Nxa3 37. Ba2 Nxc2+ 38. Kd2 Nb4 0-1

[Event "*** Titled Tuesday Blitz"]
[Site "Chess.com"]
[Date "2020.05.05"]
[Round "9"]
[White "Orest_Vovk"]
[Black "Abund"]
[Result "1-0"]
[WhiteElo "2432"]
[BlackElo "2606"]
[TimeControl "180+1"]
[EndTime "11:47:06 PDT"]
[Termination "Orest_Vovk won by resignation"]

1. e4 c5 2. Be2 Nc6 3. Bf3 g6 4. Ne2 Bg7 5. O-O d6 6. g3 Bh3 7. Bg2 Bxg2 8. Kxg2 Nf6 9. d3 c4 10. Nbc3 cxd3 11. cxd3 O-O 12. Be3 d5 13. Bg5 d4 14.
Bxf6 exf6 15. Nd5 f5 16. f3 Rc8 17. Qa4 Qd6 18. Rac1 Ne5 19. Nef4 g5 20. Nh5 Rxc1 21. Rxc1 Nxd3 22. Nxg7 Nxc1 23. Qxd4 f6 24. Nxf5 Qe5 25. Qd2 Nxa2 26. b3 Qa1 27. Nde7+ Kh8 28. Qd7 Qb2+ 29. Kh3 Qe5 30. Ng6+ 1-0

[Event "*** Titled Tuesday Blitz"]
[Site "Chess.com"]
[Date "2020.05.05"]
[Round "9"]
[White "EvgenyRomanov"]
[Black "jonaszmb"]
[Result "1-0"]
[WhiteElo "2650"]
[BlackElo "2506"]
[TimeControl "180+1"]
[EndTime "11:47:07 PDT"]
[Termination "EvgenyRomanov won by resignation"]

1. d4 d5 2. c4 Bf5 3. Nc3 e6 4. cxd5 exd5 5. Nf3 Nf6 6. Qb3 Nc6 7. Bg5 Be7 8. Bxf6 Bxf6 9. Qxb7 Nxd4 10. Nxd4 Bxd4 11. O-O-O Bxc3 12. Qc6+ Qd7 13. Qxa8+ Ke7 14. Qxd5 Bxb2+ 15. Kxb2 Rb8+ 16. Ka3 Qc8 17. Qc5+ Kf6 18. e4 Be6 19. h4 g6 20. Qd4+ Ke7 21. h5 Rb6 22. hxg6 Ra6+ 23. Bxa6 Qxa6+ 24. Qa4 Qe2 25. Qb4+ Kf6 26. Qb2+ 1-0

[Event "*** Titled Tuesday Blitz"]
[Site "Chess.com"]
[Date "2020.05.05"]
[Round "9"]
[White "canary2016"]
[Black "827883"]
[Result "0-1"]
[WhiteElo "1921"]
[BlackElo "2223"]
[TimeControl "180+1"]
[EndTime "11:47:07 PDT"]
[Termination "827883 won by checkmate"]

1. Nf3 d5 2. c4 d4 3. b4 g5 4. Bb2 Bg7 5. Nxg5 e5 6. Nh3 Ne7 7. e3 O-O 8. exd4 exd4 9. Be2 Nbc6 10. Nf4 Nxb4 11. a3 Nbc6 12. O-O Ng6 13. Nd3 Re8 14.
Re1 Bf5 15. Nb4 d3 16. Bxg7 dxe2 17. Rxe2 Kxg7 18. Nxc6 bxc6 19. Nc3 Qd3 20. Rxe8 Rxe8 21. Rb1 Nf4 22. Rb7 Qxc4 23. Rxc7 Ne2+ 24. Nxe2 Rxe2 25. Qa1+ Kg6 26. h4 Qe6 27. h5+ Kxh5 28. g4+ Bxg4 29.
Qg7 Re1+ 30. Kg2 Qe4+ 31. f3 Qxf3+ 32. Kh2 Rh1# 0-1

[Event "*** Titled Tuesday Blitz"]
[Site "Chess.com"]
[Date "2020.05.05"]
[Round "9"]
[White "StephenDedalus83"]
[Black "Jbd735"]
[Result "1-0"]
[WhiteElo "2664"]
[BlackElo "2431"]
[TimeControl "180+1"]
[EndTime "11:47:08 PDT"]
[Termination "StephenDedalus83 won by resignation"]

1. e4 e5 2. Nf3 Nc6 3. Bb5 a6 4. Ba4 Nf6 5. O-O Be7 6. Re1 b5 7. Bb3 d6 8. c3 O-O 9. h3 Na5 10. Bc2 c5 11. d4 Qc7 12. Nbd2 Nc6 13. d5 Nd8 14. a4 Rb8 15. axb5 axb5 16. b4 Ne8 17. Nf1 c4 18. g4 g6 19. Ng3 Ng7 20. Be3 f6 21. Qd2 Nf7 22. Kh2 Bb7 23. Ra5 Qd7 24.
Rea1 Ra8 25. Ba7 Rfc8 26. Ne1 Bd8 27. R5a3 Bc7 28. Bb1 Rf8 29. Ng2 Qd8 30. Qe3 Qd7 31. f3 Qd8 32. Qf2 Qd7 33. Bc2 f5 34. gxf5 gxf5 35.
exf5 Bxd5 36. Ne3 Bc6 37. Ng4 Kh8 38. f6 Ne8 39. Bf5 Qd8 40. Nh5 d5 41. Qh4 Bd7 42. Bc2 e4+ 43. Kh1 Bxg4 44. hxg4 Ned6 45. Bc5 Rxa3 46.
Rxa3 Rg8 47. Ng7 Ne8 48. g5 Nxg7 49. fxg7+ Rxg7 50. Bd4 Qxg5 51. Ra8+ Bd8 52. Qxg5 1-0

[Event "*** Titled Tuesday Blitz"]
[Site "Chess.com"]
[Date "2020.05.05"]
[Round "9"]
[White "matiss90"]
[Black "neurisdr"]
[Result "0-1"]
[WhiteElo "2512"]
[BlackElo "2770"]
[TimeControl "180+1"]
[EndTime "11:47:11 PDT"]
[Termination "neurisdr won by resignation"]

1. e4 c5 2. Nf3 d6 3. d4 cxd4 4. Nxd4 Nf6 5. Nc3 a6 6. Bc4 e6 7. Bb3 Nbd7 8. Bg5 Nc5 9. f4 Be7 10. Qf3 Qc7 11. O-O b5 12. e5 Bb7 13. Qe2 dxe5 14.
fxe5 Nfe4 15. Bxe7 Qxe7 16. Nxe4 Bxe4 17. Rf4 Bg6 18.
c3 Nxb3 19. axb3 O-O 20. b4 Qc7 21. g4 a5 22. bxa5 Rxa5 23. Rxa5 Qxa5 24. Qxb5 Qa7 25.
h4 Rb8 26. Qe2 h6 27. h5 Bh7 28. Rf2 Rc8 29. Qf3 Qe7 30. Qf4 Rf8 31. Qg3 Be4 32. Kh2 Ba8 33. b4 Qg5 34. b5 Rc8 35. b6 Rxc3 36.
Nf3 Qe3 37. Kg2 Qxb6 38. g5 hxg5 39. Kh2 Rxf3 40. Rxf3 Bxf3 41. Qxf3 Qd4 42. Qg3 Qf4 43. Qxf4 gxf4 44. Kg2 f6 45. exf6 gxf6 46. Kf3 e5 0-1

[Event "*** Titled Tuesday Blitz"]
[Site "Chess.com"]
[Date "2020.05.05"]
[Round "9"]
[White "warmoatmeal"]
[Black "Roenko_Artur"]
[Result "1-0"]
[WhiteElo "2049"]
[BlackElo "2179"]
[TimeControl "180+1"]
[EndTime "11:47:14 PDT"]
[Termination "warmoatmeal won on time"]

1. d4 d5 2. Bf4 e6 3. e3 c5 4. c3 Qb6 5. Qc2 Bd7 6. Nd2 Nf6 7. Ngf3 Be7 8. Qb3 c4 9. Qc2 O-O 10. Be2 Nc6 11. O-O Nh5 12. Bg5 Nf6 13. h3 Qc7 14.
Bf4 Bd6 15. Bxd6 Qxd6 16. e4 dxe4 17. Nxe4 Nxe4 18. Qxe4 b5 19. a4 a6 20. Rfd1 Ne7 21. axb5 f5 22. Qe5 Qxe5 23. Nxe5 Bxb5 24. Bxc4 Nd5 25.
Bf1 Rfb8 26. c4 Nf6 27. cxb5 axb5 28. Rxa8 Rxa8 29. Bxb5 Rb8 30. Bc4 Rxb2 31. Bxe6+ Kf8 32. d5 Ne4 33. d6 1-0

[Event "*** Titled Tuesday Blitz"]
[Site "Chess.com"]
[Date "2020.05.05"]
[Round "9"]
[White "ChessQueen"]
[Black "WPWPWP-2015"]
[Result "1-0"]
[WhiteElo "2671"]
[BlackElo "2442"]
[TimeControl "180+1"]
[EndTime "11:47:15 PDT"]
[Termination "ChessQueen won on time"]

1. e4 e5 2. Nf3 Nf6 3. Nxe5 d6 4.
Nf3 Nxe4 5. d3 Nf6 6. d4 d5 7. Bd3 Bg4 8. O-O Be7 9. h3 Bh5 10. g4 Bg6 11. Ne5 Bxd3 12. Qxd3 O-O 13. Nc3 c6 14.
Bf4 Na6 15. Rae1 Nc7 16. Bg3 Ne6 17. f4 Qb6 18. f5 Qxd4+ 19. Bf2 Qxd3 20. Nxd3 Ng5 21.
Rxe7 Nxh3+ 22. Kg2 Nxf2 23. Nxf2 d4 24. Ncd1 b5 25. Kf3 Nd5 26. Re4 c5 27. g5 f6 28. g6 h6 29. Rfe1 Rfd8 30. Nd3 c4 31. Nc5 Nb4 32. c3 dxc3 33. Nxc3 Nd3 34. Nxd3 1-0

[Event "*** Titled Tuesday Blitz"]
[Site "Chess.com"]
[Date "2020.05.05"]
[Round "9"]
[White "czasnaszachy"]
[Black "robertofabregas"]
[Result "0-1"]
[WhiteElo "2240"]
[BlackElo "2089"]
[TimeControl "180+1"]
[EndTime "11:47:19 PDT"]
[Termination "robertofabregas won by checkmate"]

1. d4 Nf6 2. c4 e6 3. Nc3 Bb4 4.
e3 b6 5. Ne2 c5 6. a3 cxd4 7. exd4 Be7 8. Nf4 Bb7 9. Bd3 d5 10. O-O dxc4 11. Bxc4 Nbd7 12. Bxe6 fxe6 13. Nxe6 Qb8 14. Nxg7+ Kf7 15. Nf5 Rg8 16. Nh6+ Kf8 17. Nxg8 Kxg8 18. Ne2 Qd6 19. Bf4 Qd5 20. f3 Kf7 21.
Nc3 Qf5 22. Bg3 Rg8 23. Qb3+ Kf8 24. Rfe1 Nh5 25. Rxe7 Rxg3 26. Rae1 Rxg2+ 27. Kh1 Ng3+ 28. Kxg2 Qxf3+ 29. Kh3 Nf5# 0-1

[Event "*** Titled Tuesday Blitz"]
[Site "Chess.com"]
[Date "2020.05.05"]
[Round "9"]
[White "Perimir"]
[Black "chessuriel"]
[Result "1-0"]
[WhiteElo "2359"]
[BlackElo "2219"]
[TimeControl "180+1"]
[EndTime "11:47:20 PDT"]
[Termination "Perimir won by resignation"]

1. e4 c5 2. Nf3 e6 3. Nc3 Nc6 4.
g3 Qc7 5. Bg2 a6 6. a4 Nf6 7.
O-O d6 8. d4 cxd4 9. Nxd4 Bd7 10. h3 Be7 11. Kh2 Nxd4 12. Qxd4 Bc6 13. a5 h5 14. Bg5 h4 15. Bxh4 e5 16. Qd1 O-O-O 17.
Bxf6 Bxf6 18. Nd5 Bxd5 19. Qxd5 Kb8 20. c3 Qe7 21. Ra4 Qe6 22. Rd1 g5 23. Rb4 Qd7 24. Bf1 Rxh3+ 25. Bxh3 Rh8 26. g4 Bd8 27. Qxd6+ Qxd6 28. Rxd6 1-0

[Event "*** Titled Tuesday Blitz"]
[Site "Chess.com"]
[Date "2020.05.05"]
[Round "9"]
[White "Fandorine"]
[Black "Micki-taryan"]
[Result "0-1"]
[WhiteElo "2826"]
[BlackElo "3078"]
[TimeControl "180+1"]
[EndTime "11:47:21 PDT"]
[Termination "Micki-taryan won by resignation"]

1. e4 e6 2. d4 d5 3. exd5 exd5 4.
Nf3 Nf6 5. Bd3 Bd6 6. Qe2+ Be6 7. Ng5 Qe7 8. Nxe6 Qxe6 9. Qxe6+ fxe6 10. Nd2 c5 11. c3 Nc6 12. Nf3 cxd4 13. cxd4 a6 14. O-O Kd7 15. Be3 Rac8 16. a3 Ng4 17. Bd2 Rhf8 18.
Bc3 Rxf3 19. gxf3 Nxh2 20. Rfd1 Nxf3+ 21. Kg2 Nh4+ 22. Kf1 Nf5 23. Rac1 Rf8 24. Bxf5 Rxf5 25. Ke2 Be7 26. Rh1 h6 27. Rcd1 Bf6 28. Rd3 Rf4 29.
Rhd1 h5 30. b4 g5 31. f3 Rh4 32. a4 Rh2+ 33. Kf1 Ne7 34. b5 axb5 35. axb5 Nf5 36. R1d2 Rh1+ 37. Kg2 Rb1 38. Ra2 Rxb5 39. Bd2 g4 40. fxg4 hxg4 41. Ra8 Rb2 42. Rg8 Bxd4 43. Kf1 g3 0-1

[Event "*** Titled Tuesday Blitz"]
[Site "Chess.com"]
[Date "2020.05.05"]
[Round "9"]
[White "BocharovD"]
[Black "Shield12"]
[Result "1-0"]
[WhiteElo "2898"]
[BlackElo "2816"]
[TimeControl "180+1"]
[EndTime "11:47:21 PDT"]
[Termination "BocharovD won by resignation"]

1. c4 e5 2. d3 Nf6 3. Nf3 c6 4. Nc3 Bd6 5. g3 Bc7 6. Bg5 h6 7. Bxf6 Qxf6 8. Bg2 O-O 9. O-O d6 10. b4 Be6 11. Nd2 Rd8 12. b5 d5 13. bxc6 bxc6 14. Rc1 Qe7 15. Qb3 d4 16. Na4 Ba5 17.
Qc2 Na6 18. Nb3 Bc7 19. Qd2 Qd6 20. Na5 Qb4 21. Qxb4 Nxb4 22. Nxc6 Nxc6 23. Bxc6 Rab8 24. Rb1 Bd6 25. Bd5 Bd7 26. Rxb8 Rxb8 27. c5 Bxa4 28. cxd6 Rd8 29. Rc1 Be8 30. Bb3 a6 31. Rc5 Rxd6 32.
Rxe5 Kf8 33. f4 f6 34. Rc5 g5 35. Kf2 Ke7 36. Bc4 Rb6 37. Rd5 gxf4 38. gxf4 Rb2 39. Rxd4 a5 40. Re4+ Kf8 41. Re6 Bh5 42. Rxf6+ Kg7 43.
Re6 Bg4 44. Re5 1-0

[Event "*** Titled Tuesday Blitz"]
[Site "Chess.com"]
[Date "2020.05.05"]
[Round "9"]
[White "AminMolaei"]
[Black "Firegrizzly"]
[Result "0-1"]
[WhiteElo "2527"]
[BlackElo "2677"]
[TimeControl "180+1"]
[EndTime "11:47:21 PDT"]
[Termination "Firegrizzly won by resignation"]

1. d4 Nf6 2. c4 g6 3. Nc3 Bg7 4.
e4 O-O 5. Be2 d6 6. Nf3 Nbd7 7.
O-O e5 8. Be3 Re8 9. Qc2 b6 10.
Rfd1 exd4 11. Nxd4 Bb7 12. f3 Nh5 13. Qd2 Nc5 14.
b4 Ne6 15. Nd5 Nxd4 16. Bxd4 Bxd4+ 17. Qxd4 Bxd5 18. cxd5 Qg5 19. Bf1 f5 20. exf5 gxf5 21. Rac1 Re7 22. Rc4 Rf8 23. Rdc1 Rff7 24. a4 Rg7 25. a5 Re2 26. Qxg7+ Kxg7 27. Bxe2 Qe3+ 28. Kf1 Nf4 29. Rxc7+ Kg6 30. Re1 h5 31. Rc6 bxa5 32. Rxd6+ Kg5 33. bxa5 h4 34. Rd8 h3 35. g3 Nd3 36.
Bxd3 Qxf3+ 0-1

[Event "*** Titled Tuesday Blitz"]
[Site "Chess.com"]
[Date "2020.05.05"]
[Round "9"]
[White "diskeleven"]
[Black "violetflower04"]
[Result "1-0"]
[WhiteElo "2357"]
[BlackElo "2215"]
[TimeControl "180+1"]
[EndTime "11:47:22 PDT"]
[Termination "diskeleven won by checkmate"]

1. d4 d5 2. c4 e6 3. Nc3 Nf6 4. Nf3 Be7 5. cxd5 exd5 6. Bf4 O-O 7. Qc2 c6 8. e3 Re8 9. Bd3 Nbd7 10. g4 g6 11. h3 b6 12. O-O-O c5 13. Kb1 c4 14. Be2 b5 15. Nxb5 Qa5 16. Nc7 Ba6 17. Nxe8 Rxe8 18.
Ne5 Nb6 19. Nc6 Qb5 20. Nxe7+ Rxe7 21. Ka1 Rb7 22. f3 Na4 23. Rb1 Qa5 24. Bd6 Kg7 25.
Be5 c3 26. b3 Bxe2 27. bxa4 Bxf3 28. Bxf6+ Kxf6 29. Rhf1 Rxb1+ 30. Qxb1 Qxa4 31. Rxf3+ Kg7 32. Qb3 Qa5 33. Rf2 c2 34. Rxc2 Qe1+ 35. Kb2 Qf1 36. Qxd5 Qxh3 37. Qe5+ Kh6 38. g5+ Kh5 39. Rh2 Kh4 40. Rxh3+ Kxh3 41. d5 h5 42. gxh6 f6 43.
Qxf6 g5 44. Qxg5 a5 45. h7 a4 46. h8=Q# 1-0